 Dungeon Crawl Stone Soup version 0.30.1-4-g462c640d31 (webtiles) character file.

Game seed: 903937766756574876

506 spardeous the Conjurer (level 6, -2/45 HPs)
             Began as a Demigod Conjurer on Sept 2, 2023.
             Slain by Eustachio
             ... wielding a +0 rapier
              (9 damage)
             ... on level 5 of the Dungeon.
             The game lasted 00:04:53 (6706 turns).

spardeous the Conjurer (Demigod Conjurer)           Turns: 6706, Time: 00:04:54

Health: -2/45      AC:  6    Str: 12      XL:     6   Next: 64%
Magic:  2/11       EV: 10    Int: 27      God:
Gold:   183        SH:  0    Dex: 10 (11) Spells: 1/8 levels left

rFire   . . .        r - staff of poison
rCold   . . .        (no shield)
rNeg    . . .        q - +0 ring mail
rPois   +            t - +0 helmet
rElec   .            (no cloak)
rCorr   .            (no gloves)
SInv    .            (no boots)
Will    .....        (no amulet)
Stlth   +            (no ring)
HPRegen 0.27/turn    (no ring)
MPRegen 0.12/turn

%: no passive effects
@: unable to read
A: high MP 1, forlorn, divine attributes, claws 1, strong 1, inability to read
after injury 1
a: no special abilities


You were on level 5 of the Dungeon.
You visited 1 branch of the dungeon, and saw 5 of its levels.

You collected 243 gold pieces.
You spent 60 gold pieces at shops.

Inventory:

Hand Weapons
 f - a +0 short sword
Armour
 a - a +0 robe
 q - a +0 ring mail (worn)
 t - a +0 helmet (worn)
Magical Staves
 r - a staff of poison (weapon)
Jewellery
 x - a ring of ice
Scrolls
 c - 4 scrolls of teleportation {unknown}
 e - 2 scrolls of enchant armour {unknown}
 g - 3 scrolls of noise {unknown}
 i - 3 scrolls of identify {unknown}
 j - a scroll of amnesia {unknown}
 l - a scroll of torment {unknown}
 o - 2 scrolls of blinking {unknown}
 p - a scroll of fear {unknown}
 v - a scroll of fog {unknown}
 y - a scroll of poison {unknown}
Potions
 b - a potion of magic
 d - 5 potions of mutation
 h - a potion of curing {unknown}
 k - 3 potions of heal wounds {unknown}
 m - a potion of brilliance {unknown}
 n - 3 potions of attraction {unknown}
 s - 2 potions of berserk rage {unknown}
 u - 2 potions of lignification {unknown}
 w - a potion of flight {unknown}
 z - a potion of might {unknown}
 A - a potion of degeneration {unknown}
 B - a potion of ambrosia {unknown}


   Skills:
 - Level 1.7 Dodging
 - Level 1.7 Stealth
 - Level 1.7 Spellcasting
 + Level 7.7 Conjurations


You had one spell level left.
You knew the following spells:

 Your Spells              Type           Power      Damage    Failure   Level
a - Magic Dart            Conj           100%       1d8       1%          1
b - Searing Ray           Conj           88%        2d7       1%          2
c - Iskenderun's Mystic   Conj/Tloc      23%        2d6       43%         4

Your spell library contained the following spells:

 Spells                   Type           Power      Damage    Failure   Level
 Dazzling Flash           Conj/Hex       46%        N/A       14%         3
 Mephitic Cloud           Conj/Pois/Air  24%        N/A       24%         3
 Poisonous Vapours        Pois/Air       6%         N/A       34%         2
 Fulminant Prism          Conj/Hex       11%        3d8       43%         4
 Freezing Cloud           Conj/Ice/Air   8%         6-21      91%         5


Dungeon Overview and Level Annotations

Branches:
Dungeon (5/15)
 Temple: D:4-7

Shops:
D:3 ?=*=

Annotations:
D:5 Eustachio


Innate Abilities, Weirdness & Mutations

You have an increased reservoir of magic. (+10% MP)
You shall have no god before yourself.
Your divine heritage dramatically boosts your attributes as you level up.
You have sharp fingernails.
Your muscles are strong. (Str +4, Int/Dex -1)
You occasionally lose the ability to read scrolls when taking damage.


Message History

Eustachio mumbles some strange words.
You feel less confused.
Eustachio casts a spell.
Eustachio blinks!
Unknown command.
Okay, then.
Casting: Searing Ray (safe; 1% risk of failure)
Confirm with . or Enter, or press ? or * to list all spells.
Aiming: Searing Ray (safe; 1% risk of failure)
Press: ? - help, Shift-Dir - straight line, f/p - Eustachio
Aim: Eustachio, wielding a +0 rapier, wearing a +0 leather armour and carrying a wand of light (7) (moderately wounded, 75% to hit)
The searing ray hits Eustachio.
Eustachio is heavily wounded. (Press . to maintain the ray.)
The quasit bites you.
* * * LOW HITPOINT WARNING * * *
The quasit claws you but does no damage.
The quasit closely misses you.
Eustachio zaps a wand.
The bolt of light hits you!
* * * LOW HITPOINT WARNING * * *
You take 12 damage, and have 7/45 hp.
MASSIVE DAMAGE!!
You now have 3/11 mp.
The searing ray hits Eustachio!
Eustachio is severely wounded.
The quasit bites you but does no damage.
The quasit claws you.
* * * LOW HITPOINT WARNING * * *
You feel clumsy. The quasit barely misses you.
The crimson imp barely misses you.
You now have 2/11 mp.
It was a potion of mutation.
You feel extremely strange.
Your fingernails lengthen.
You occasionally lose the ability to read scrolls when taking damage.
You feel stronger.
The quasit bites you but does no damage.
The quasit claws you but does no damage.
The quasit barely misses you. x2
The quasit claws you but does no damage.
The quasit barely misses you. Eustachio hits you with a +0 rapier!
You feel threatened and lose the ability to read scrolls!
You die...

. #### $# #..##.##.
#........ #........
#........ #55...... ##+#
#@### #...###@..######
#####.................#.
#..)#...................
#.<.##..........#.#.#.#.
#....#.................
##...###...###.#.#.#.#.
#....##...###.........
##....#......#.#.#.#.#.


You could see Eustachio, a quasit (summoned) and a crimson imp (summoned).

Vanquished Creatures
  A black bear (D:4)
  2 howler monkeys (D:4)
  A hound (D:5)
  2 iguanas (D:4)
  An orc wizard (D:3)
  8 adders
  A shadow imp (D:3)
  A white imp (D:5)
  An ufetubus (D:4)
  5 worms
  6 dart slugs
  5 orcs
  13 endoplasms
  3 giant cockroaches
  9 goblins
  9 hobgoblins
  5 jackals
  4 quokkas
  8 ball pythons
  6 bats
  4 frilled lizards
  11 kobolds
  8 rats
114 creatures vanquished.

Notes
Turn   | Place    | Note
-------+----------+-------------------------------------------
     0 | D:1      | spardeous the Demigod Conjurer began the quest for the Orb.
     0 | D:1      | Reached XP level 1. HP: 14/14 MP: 5/5
   140 | D:1      | Reached skill level 4 in Conjurations
   336 | D:1      | Reached XP level 2. HP: 20/20 MP: 2/7
   463 | D:1      | You fall into a shaft and drop 1 floor!
   631 | D:2      | Learned a level 2 spell: Searing Ray
   738 | D:2      | Reached XP level 3. HP: 26/26 MP: 6/8
  1073 | D:2      | Reached skill level 5 in Conjurations
  1997 | D:1      | Reached XP level 4. HP: 30/33 MP: 6/9
  3922 | D:3      | Found Feehem's Jewellery Shop.
  4545 | D:3      | Reached skill level 6 in Conjurations
  4574 | D:3      | Reached XP level 5. HP: 38/38 MP: 7/10
  4846 | D:3      | Found Hivul's Jewellery Shop.
  4902 | D:3      | Found Laiqamal's Magic Scroll Shoppe.
  5052 | D:3      | Found Botoh's Assorted Antiques.
  5059 | D:3      | Bought a scroll labelled PAYRAL JAIRGH for 22 gold pieces
  5059 | D:3      | Bought a puce potion for 19 gold pieces
  5059 | D:3      | Bought a metallic silvery potion for 19 gold pieces
  5125 | D:4      | Learned a level 4 spell: Iskenderun's Mystic Blast
  6065 | D:4      | Noticed a black bear
  6069 | D:4      | Killed a black bear
  6070 | D:4      | Reached skill level 7 in Conjurations
  6070 | D:4      | Reached XP level 6. HP: 45/45 MP: 5/11
  6466 | D:5      | Entered Level 5 of the Dungeon
  6694 | D:5      | Noticed Eustachio
  6706 | D:5      | Gained mutation: You have sharp fingernails. [potion of
                  | mutation]
  6706 | D:5      | Gained mutation: You occasionally lose the ability to read
                  | scrolls when taking damage. [potion of mutation]
  6706 | D:5      | Gained mutation: Your muscles are strong. (Str +4, Int/Dex
                  | -1) [potion of mutation]
  6706 | D:5      | Slain by Eustachio

Illustrated notes

Levels and vault maps discovered:
D:1:      dpeg_arrival_arbitrary_b, layout_basic, minmay_pentomino_u4
D:2:      wad_crossroads, layout_basic
D:3:      layout_loops_ring, lemuel_tele_altar, xom_teletrap_fun,
          gammafunk_temple_overflow_statue, serial_shops,
          nicolae_shop_tiny_glass, nicolae_shop_temple_entry_statues_fountains,
          shop, nicolae_shop_real_fake_doors, grunt_decor_cap, item_on_display_a
D:4:      layout_loops_ring, nicolae_overflow_two_pavilions
D:5:      layout_gridville, minmay_temple_entry_proselytizer,
          grunt_ministairs_12, hex_large, uniq_eustachio

Skill      XL: |  1  2  3  4  5 |
---------------+----------------+-----
Conjurations   | 4 5 6 7 |  7.7
Dodging        | |  1.7
Stealth        | |  1.7
Spellcasting   | |  1.7

Action                     |  1- 3 |  4- 6 || total
---------------------------+-------+-------++-------
  Melee: Short sword       |    25 |       ||    25
         Punch             |     1 |     1 ||     2
         Staff             |       |    19 ||    19
   Cast: Magic Dart        |    96 |   155 ||   251
         Searing Ray       |       |     8 ||     8
    Use: Potion            |       |     1 ||     1
 Armour: Robe              |    16 |       ||    16
         Ring mail         |       |    30 ||    30
  Dodge: Dodged            |    36 |    36 ||    72
